Map: Thunderbird LE

Players

Ulveraker

  • Race: Zerg Zerg
  • League: Platinum
  • Spawn Location: 11:00

Woah - Winner!

  • Race: Terran Terran
  • League: Platinum
  • Spawn Location: 5:00

VOD

Have the link to the VOD?

Description

Time

  • Played on: June 11, 2019, 5:34 p.m.
  • Length: 13:21
Show
View Real Time Build Order
Export as new Build Order

Ulveraker Zerg 

Build Orders: Pool First 

Get SALT Encoding   

  12  0:20  Spawning Pool  
  11  0:22  Drone  
  11  0:26  Drone  
  13  0:35  Drone  
  13  0:40  Overlord  
  14  1:07  Zergling x6  
  17  1:13  Extractor  
  17  1:14  Queen  
  19  1:18  Drone  
  19  1:29  Drone  
  20  1:34  Roach Warren  
  20  1:39  Drone  
  20  1:51  Overlord  
  19  2:25  Roach x4  
  27  2:43  Extractor  
  26  2:44  Drone x3  
  29  3:05  Hatchery  
  29  3:07  Overlord  
  29  3:09  Overlord  
  24  4:02  Roach x4  
  28  4:03  Roach x2  
  30  4:14  Queen  
  32  4:20  Drone  
  32  4:24  Drone x2  
  35  4:40  Drone x2  
  37  4:53  Drone x2  
  37  4:54  Drone  
  40  5:00  Overlord  
  40  5:28  Roach x5  
  50  5:32  Roach x2  
  50  6:17  Zergling x12  
  56  6:19  Metabolic Boost  
  56  6:23  Drone x5  
  59  6:45  Overlord x2  
  59  6:55  Lair  
  59  7:05  Roach x6  
  71  7:15  Zergling x10  
  70  7:37  Zergling x4  
  47  7:57  Roach x4  
  47  7:58  Roach  
  55  8:12  Zergling x4  
  53  8:34  Spire  
  53  8:40  Overlord x4  
  52  8:46  Queen  
  54  8:50  Roach x2  
  54  8:54  Roach x2  
  54  8:55  Roach  
  63  9:32  Zergling x4  
  63  9:33  Zergling x8  
  48  10:02  Mutalisk x4  
  35  10:46  Hatchery  
  34  11:23  Hatchery  
  33  12:03  Queen  
  33  12:28  Mutalisk x3  
  32  12:42  Mutalisk  
Show
View Real Time Build Order
Export as new Build Order

Woah Terran - Winner!

Build Orders: Reaper Expand 

Get SALT Encoding   

  12  0:01  SCV  
  13  0:14  SCV  
  14  0:18  Supply Depot  
  14  0:26  SCV  
  15  0:40  SCV, Barracks  
  16  0:44  Refinery  
  16  1:01  SCV  
  17  1:13  SCV  
  18  1:27  Orbital Command  
  18  1:28  Reaper  
  19  1:40  Command Center  
  19  1:53  Barracks  
  19  1:55  SCV  
  19  2:00  Barracks Reactor  
  20  2:11  Supply Depot  
  20  2:15  SCV  
  21  2:31  SCV  
  21  2:36  Refinery  
  22  2:37  Factory  
  22  2:43  SCV  
  23  2:45  Marine x2  
  23  2:47  Barracks Tech Lab  
  25  3:01  SCV  
  25  3:06  Marauder, Marine  
  25  3:07  Marine  
  29  3:15  Bunker  
  29  3:20  Bunker  
  29  3:21  Factory Tech Lab  
  29  3:32  Starport  
  29  3:36  Barracks Tech Lab  
  29  3:37  Marine x2  
  31  3:47  Siege Tank  
  34  3:55  Marine  
  31  4:05  Orbital Command  
  31  4:14  Medivac  
  33  4:33  Orbital Command  
  33  4:37  SCV  
  34  4:40  Engineering Bay  
  34  4:49  SCV  
  35  4:55  Siege Tank  
  38  5:01  SCV  
  38  5:06  Stimpack  
  39  5:13  SCV  
  40  5:27  SCV  
  41  5:29  SCV  
  41  5:39  SCV  
  41  5:41  SCV  
  43  5:55  Marauder  
  43  5:56  Marine  
  46  6:05  Marine  
  43  6:14  Marine  
  43  6:17  Marauder  
  46  6:27  Command Center  
  46  6:28  Terran Infantry Weapons Level 1, Barracks  
  46  6:44  Starport Reactor  
  46  6:52  Supply Depot  
  46  6:55  Marine  
  46  6:56  SCV, Siege Tank, Supply Depot  
  46  6:57  SCV  
  53  7:08  SCV  
  53  7:09  SCV  
  54  7:20  SCV  
  54  7:21  SCV  
  53  7:35  Marine x4  
  53  7:53  Marine x3  
  53  7:54  Marauder  
  57  8:10  Marine  
  57  8:11  Marine x2  
  60  8:15  Marauder  
  55  8:28  Marine  
  55  8:29  Marine  
  55  8:30  Marine  
  58  8:36  Marauder  
  60  8:46  Marine  
  60  8:47  Marine  
  60  8:48  Marine  
  63  8:51  Barracks  
  63  8:53  Barracks  
  63  8:58  Marauder, Barracks  
  63  9:02  Barracks  
  65  9:03  Barracks  
  65  9:04  Marine  
  65  9:05  Marine  
  65  9:06  Marine  
  66  9:19  Marauder  
  66  9:22  Marine  
  66  9:23  Marine x2  
  70  9:40  Marine  
  70  9:41  Marine  
  60  10:02  Marauder, Marine x2  
  60  10:20  Marine x2  
  60  10:22  Barracks Reactor x5  
  60  10:23  Barracks Reactor  
  60  10:24  Marauder  
  60  10:25  Orbital Command  
  57  10:38  Marine x2  
  51  10:45  Marine  
  51  10:49  Missile Turret  
  52  10:50  Missile Turret  
  52  10:51  Missile Turret  
  52  10:52  Missile Turret  
  52  10:54  Missile Turret x3  
  52  10:55  Marine  
  52  10:56  Marine  
  51  10:57  Missile Turret  
  51  10:58  Missile Turret, Medivac  
  51  10:59  Medivac  
  51  11:01  SCV x2  
  51  11:03  Marauder, Terran Infantry Armor Level 1  
  59  11:05  Armory  
  59  11:13  SCV x2, Engineering Bay, Marine  
  62  11:20  Missile Turret  
  62  11:24  Marauder  
  64  11:26  Marine  
  64  11:27  Marine  
  64  11:28  Marine  
  64  11:31  SCV  
  68  11:50  Marine  
  68  11:51  Marine x14  
  83  12:02  Refinery x2  
  83  12:05  Supply Depot  
  83  12:06  Supply Depot  
  83  12:08  Marine, Supply Depot  
  83  12:09  Marine  
  85  12:47  Marine x8  
  85  12:48  Marine x7  
Tags
 
Add a new tag
Caveats
  • Supply blocks, unpowered buildings, or Contaminate may cause inaccurate times.
  • Supply counts are checked every 10 seconds.